 Dungeon Crawl Stone Soup version 0.31-a0-564-g3b7de120b3 (webtiles) character file.

Game seed: 5719108205477188310

9 zazu2006 the Grasshopper (level 2, 0/23 HPs)
             Began as a Gnoll Wanderer on Aug 17, 2023.
             Slain by a bat (1 damage)
             ... on level 1 of the Dungeon.
             The game lasted 00:00:51 (214 turns).

zazu2006 the Grasshopper (Gnoll Wanderer)            Turns: 214, Time: 00:00:51

Health: 0/23       AC:  2    Str:  8    XL:     2   Next: 16%
Magic:  5/5        EV: 11    Int: 14    God:
Gold:   18         SH:  0    Dex: 11    Spells: 5/6 levels left

rFire   . . .        a - +0 dagger
rCold   . . .        (no shield)
rNeg    . . .        d - +0 robe
rPois   .            (no helmet)
rElec   .            (no cloak)
rCorr   .            (no gloves)
SInv    .            (no boots)
Will    .....        (no amulet)
Stlth   +            (no ring)
HPRegen 0.23/turn    (no ring)
MPRegen 0.09/turn

%: no passive effects
@: no status effects
A: fangs 1, strong nose, distributed training
a: no special abilities


You were on level 1 of the Dungeon.
You visited 1 branch of the dungeon, and saw 1 of its levels.

You collected 18 gold pieces.

Inventory:

Hand Weapons
 a - a +0 dagger (weapon)
Missiles
 g - a throwing net
Armour
 d - a +0 robe (worn)
Wands
 b - a wand of flame (3)
Scrolls
 c - a scroll of fear
Potions
 e - a potion of curing
 f - a potion of haste {unknown}


   Skills:
 + Level 2.4 Fighting
 + Level 0.3 Short Blades
 + Level 0.3 Long Blades
 + Level 0.3 Axes
 + Level 0.3 Maces & Flails
 + Level 0.3 Polearms
 + Level 0.3 Staves
 + Level 0.3 Ranged Weapons
 + Level 0.3 Throwing
 + Level 2.4 Armour
 + Level 0.3 Dodging
 + Level 0.3 Stealth
 + Level 0.3 Shields
 + Level 0.3 Unarmed Combat
 + Level 2.7 Spellcasting
 + Level 0.2 Conjurations
 + Level 0.2 Hexes
 + Level 0.2 Summonings
 + Level 0.2 Necromancy
 + Level 7.0 Translocations
 + Level 0.2 Transmutations
 + Level 0.2 Fire Magic
 + Level 0.2 Ice Magic
 + Level 0.2 Air Magic
 + Level 0.2 Earth Magic
 + Level 0.2 Poison Magic
 + Level 0.4 Invocations
 + Level 6.4 Evocations
 + Level 0.2 Shapeshifting


You had 5 spell levels left.
You knew the following spells:

 Your Spells              Type           Power      Damage    Failure   Level
a - Apportation           Tloc           42%        N/A       1%          1

Your spell library contained the following spells:

 Spells                   Type           Power      Damage    Failure   Level
 Teleport Other           Tloc           21%        N/A       3%          3
 Volatile Blastmotes      Fire/Tloc      24%        2d12      16%         3


Dungeon Overview and Level Annotations

Branches:
Dungeon (1/15)

Altars:


Innate Abilities, Weirdness & Mutations

You have very sharp teeth.
Your uncanny sense of smell can sniff out nearby items.
Your experience applies equally to all skills.


Message History

The bat hits you. The bat closely misses you.
A hobgoblin comes into view.
Found a robe and a scroll labelled OTIDOE REUMMATS.
The hobgoblin shouts!
The bat hits you but does no damage.
You completely miss the bat. The bat completely misses you. The bat hits you.
The bat hits you but does no damage. The bat attacks as you move away!
The bat hits you but does no damage. x2
The hobgoblin completely misses you.
You hit the hobgoblin but do no damage.
You bite the hobgoblin, but do no damage.
The hobgoblin misses you.
You closely miss the hobgoblin. The hobgoblin hits you.
You closely miss the hobgoblin. The hobgoblin barely misses you.
You completely miss the hobgoblin. The hobgoblin hits you.
You hit the hobgoblin but do no damage. The hobgoblin hits you.
You barely miss the hobgoblin. You bite the hobgoblin.
The hobgoblin is moderately wounded.
The hobgoblin closely misses you.
You hit the hobgoblin.
The hobgoblin is severely wounded.
The hobgoblin hits you.
You hit the hobgoblin but do no damage.
The hobgoblin is severely wounded.
The hobgoblin hits you.
You hit the hobgoblin.
You bite the hobgoblin, but do no damage.
The hobgoblin is almost dead.
The hobgoblin hits you.
* * * LOW HITPOINT WARNING * * *
You hit the hobgoblin but do no damage.
The hobgoblin is almost dead.
The hobgoblin hits you.
* * * LOW HITPOINT WARNING * * *
You hit the hobgoblin.
You kill the hobgoblin!
The bat hits you.
You die...

#............ #......#
#............ #......#
#............ #......#
#............ #......#
##........... ##......#
#.........†. #.....?.#
##.#####.##..
#.....[g########..# #.#...
......b.#.b@.....## #.....
....###...##................
# #..####.###########....
#.#. ...# #..... ... .#####
#..... ###. .# ....## .. ##
##


You could see a bat.

Vanquished Creatures
  2 bats (D:1)
  2 hobgoblins (D:1)
  3 jackals (D:1)
  A frilled lizard (D:1)
  A rat (D:1)
9 creatures vanquished.

Notes
Turn   | Place    | Note
-------+----------+-------------------------------------------
     0 | D:1      | zazu2006 the Gnoll Wanderer began the quest for the Orb.
     0 | D:1      | zazu2006 set off with the following items: a +0 dagger, a
                  | wand of flame (3), a scroll of fear, a +0 robe, a potion of
                  | curing; and the following spell memorised: Apportation; and
                  | the following spells available to memorise: Teleport Other,
                  | Volatile Blastmotes.
     0 | D:1      | Reached XP level 1. HP: 17/17 MP: 4/4
    64 | D:1      | Reached XP level 2. HP: 8/23 MP: 5/5
   213 | D:1      | HP: 1/23 [hobgoblin (4)]
   214 | D:1      | Slain by a bat

Illustrated notes

Levels and vault maps discovered:
D:1:      scummos_arrival_star, layout_rooms, nicolae_ecumenical_lake_church

Action                     || total
---------------------------++-------
  Melee: Dagger            ||    57
         Bite              ||     5
 Armour: Robe              ||    30
  Dodge: Dodged            ||    47

Table legend: (Time is in decaauts)
 A = Elapsed time spent in this place.
 B = Non-inter-level travel time spent in this place.
 C = Inter-level travel time spent in this place.
 D = Time resting spent in this place.
 E = Time spent auto-exploring this place.
 F = Levels seen in this place.
 G = Mean time per level.
                   A        B        C        D        E       F      G
               +--------+--------+--------+--------+--------+-----+--------+
         Total |    213 |    213 |      0 |      0 |    126 |   1 |  213.0 |
       Dungeon |    213 |    213 |      0 |      0 |    126 |   1 |  213.0 |
               +--------+--------+--------+--------+--------+-----+--------+

Top non-repeatable levels by time:
     D:1: 213 daAuts
